 Dungeon Crawl Stone Soup version 0.31-a0-188-g5e087ee2ca (webtiles) character file.

Game seed: 10791730378966385756

106 qw the Skirmisher (level 4, -4/25 HPs)
             Began as a Deep Elf Hunter on June 23, 2023.
             Slain by Pikel
             ... wielding a +0 whip of flaming
              (7 damage)
             ... on level 4 of the Dungeon.
             The game lasted 00:00:59 (2769 turns).

qw the Skirmisher (Deep Elf Hunter)                 Turns: 2769, Time: 00:00:59

Health: -4/25      AC:  5    Str: 10    XL:     4   Next: 55%
Magic:  6/6        EV: 12    Int: 14    God:
Gold:   105        SH:  4    Dex: 18    Spells: 3/3 levels left

rFire   . . .        Y - +0 shortbow
rCold   + . .        (shield currently unavailable)
rNeg    . . .        l - +1 leather armour {rC+}
rPois   .            (helmet restricted)
rElec   .            i - +0 cloak
rCorr   +            (no gloves)
SInv    .            (no boots)
Will    +....        (no amulet)
Stlth   ++           b - ring of resist corrosion
HPRegen 0.24/turn    (no ring)
MPRegen 0.10/turn

%: no passive effects
@: no status effects
A: horns 1, large bone plates 1, strong-willed 1, screaming 1
a: no special abilities


You were on level 4 of the Dungeon.
You visited 1 branch of the dungeon, and saw 4 of its levels.

You collected 118 gold pieces.
You spent 13 gold pieces at shops.


Innate Abilities, Weirdness & Mutations

You have a pair of small horns on your head.
You are partially covered in large bone plates. (SH +4)
You are strong-willed. (Will+)
You occasionally shout uncontrollably at your foes.


   Skills:
 - Level 1.5 Fighting
 + Level 8.0 Ranged Weapons
 - Level 2.4 Dodging
 - Level 1.2 Stealth


You had 3 spell levels left.
You didn't know any spells.
Your spell library was empty.

Inventory:

Hand Weapons
 Y - a +0 shortbow (weapon)
Armour
 d - the +5 ring mail of Valour {rN+}
   (You found it on level 4 of the Dungeon)

   rN:        It protects you from negative energy.
 i - a +0 cloak (worn)
 l - a +1 leather armour of cold resistance (worn)
Jewellery
 b - a ring of resist corrosion (left hand)
Scrolls
 c - 5 scrolls of identify
Potions
 a - 2 potions of curing
 f - 2 potions of mutation
 g - a potion of haste {unknown}
 h - a potion of degeneration {unknown}
 j - 2 potions of cancellation {unknown}

Dungeon Overview and Level Annotations

Branches:
Dungeon (4/15)
 Temple: D:4-7

Altars:
Kikubaaqudgha
Makhleb

Shops:
D:1 :*

Annotations:
D:4 Pikel


Message History

Pikel is moderately wounded.
Pikel barely misses you.
You shoot an arrow. The arrow barely misses Pikel.
You block Pikel's attack.
You shoot an arrow. The arrow closely misses Pikel.
Pikel hits you with a +0 whip of flaming.
Pikel burns you.
You shoot an arrow. The arrow barely misses Pikel.
You block Pikel's attack.
You shoot an arrow. The arrow closely misses Pikel.
You block Pikel's attack.
You shoot an arrow. The arrow hits Pikel.
Pikel is moderately wounded.
You block Pikel's attack.
You shoot an arrow. The arrow hits Pikel.
Pikel is moderately wounded.
Pikel hits you but does no damage.
You shoot an arrow.
The arrow hits Pikel but does no damage.
Pikel is moderately wounded.
Pikel hits you with a +0 whip of flaming.
Pikel burns you.
Pikel says, "You'll make a fine lemure."
You block Pikel's attack.
You shoot an arrow. The arrow barely misses Pikel.
Pikel hits you with a +0 whip of flaming.
Pikel burns you.
You shoot an arrow.
The arrow hits Pikel but does no damage.
Pikel is moderately wounded.
Pikel barely misses you.
You shoot an arrow.
The arrow hits Pikel but does no damage.
Pikel is moderately wounded.
You block Pikel's attack.
You shoot an arrow. The arrow hits Pikel.
Pikel is heavily wounded.
Pikel says, "Hell isn't that bad."
Pikel hits you with a +0 whip of flaming!
You die...

#.....#....#.......#...#..._.....
#.....#....#.......#+#####...#.#.
......#....#...............###.#.
......#....#...............#...#.
......#....#...............#.###.
......#....'....<................
......######...55...............#
.##'####......#K####'#######.....
.#.....#......#.@..........#.....
.#.....#......+............'.....
.#.....+......#............#.....
.##....#......#......##....#.....
..#....##.....#......##....##....
..#.....#.....#.......#..)..#....
..#.....#.....#.......#.....#....
..'.....#.....#.......#.....#....
..###+###.....##...####'#####....


You could see Pikel and a lemure.

Vanquished Creatures
  2 lemures (D:4)
  Jessica (D:3)
  2 adders
  2 dart slugs
  6 orcs
  4 endoplasms
  A giant cockroach (D:4)
  5 goblins
  5 hobgoblins
  2 jackals (D:4)
  2 kobolds
  3 quokkas (D:1)
  5 ball pythons (D:1)
  3 bats
  A frilled lizard (D:1)
  8 rats
52 creatures vanquished.

Notes
Turn   | Place    | Note
-------+----------+-------------------------------------------
     0 | D:1      | qw the Deep Elf Hunter began the quest for the Orb.
     0 | D:1      | Reached XP level 1. HP: 12/12 MP: 3/3
     0 | D:1      | 0 ||| qw: Version: 0.3-a-9-g12657ce
     0 | D:1      | 0 ||| qw: Game counter: 3510
     0 | D:1      | 0 ||| qw: Always use a shield: true
     0 | D:1      | 0 ||| qw: God list: Okawaru
     0 | D:1      | 0 ||| qw: Allow faded altars: false
     0 | D:1      | 0 ||| qw: Do Orc after D:15 true
     0 | D:1      | 0 ||| qw: Do second Lair branch before Depths: true
     0 | D:1      | 0 ||| qw: Lair rune preference: random
     0 | D:1      | 0 ||| qw: Plans: Normal
     0 | D:1      | 0 ||| PLANNING D:1-11
   156 | D:1      | Found a faded altar of an unknown god.
   165 | D:1      | 165 ||| Stepping ~*~*~tactically~*~*~ (water).
   167 | D:1      | 167 ||| Stepping ~*~*~tactically~*~*~ (water).
   176 | D:1      | Reached XP level 2. HP: 16/16 MP: 4/4
   178 | D:1      | Reached skill level 6 in Ranged Weapons
   392 | D:1      | Found Saidoucw's Assorted Antiques.
   404 | D:1      | 404 ||| BUYING coppery potion (13 gold).
   404 | D:1      | Bought a coppery potion for 13 gold pieces
   404 | D:1      | 404 ||| SHOPLISTING lumpy amethyst potion (13 gold, have
                  | 6).
   404 | D:1      | 404 ||| SHOPLISTING runed wooden wand (60 gold, have 6).
   404 | D:1      | 404 ||| SHOPLISTING tubular steel ring (75 gold, have 6).
   638 | D:1      | Found Nint's Book Shoppe.
   697 | D:1      | 697 ||| READING scroll labelled NELEUPT RICULE.
   700 | D:1      | 700 ||| READING scroll labelled FEZ DUAGAR.
   701 | D:1      | 701 ||| READING scroll labelled KACU QYOD BAAL.
   702 | D:1      | 702 ||| DRINKING 2 sedimented ruby potions.
   702 | D:1      | Gained mutation: You have hidden genetic potential. [potion
                  | of mutation]
   702 | D:1      | Gained mutation: You occasionally shout uncontrollably at
                  | your foes. [potion of mutation]
   702 | D:1      | Gained mutation: You are strong-willed. (Will+) [potion of
                  | mutation]
   703 | D:1      | 703 ||| DROPPING scroll of butterflies.
   841 | D:2      | Reached XP level 3. HP: 13/20 MP: 5/5
  1208 | D:2      | 1208 ||| UPGRADING to ring of resist corrosion.
  1209 | D:2      | 1209 ||| READING scroll labelled VIFFYOM EGIU.
  1229 | D:3      | Noticed Jessica
  1230 | D:3      | Killed Jessica
  1231 | D:3      | Reached skill level 7 in Ranged Weapons
  1241 | D:3      | Gained mutation: You are partially covered in large bone
                  | plates. (SH +4) [hidden potential]
  1306 | D:3      | Reached XP level 4. HP: 25/25 MP: 6/6
  1889 | D:3      | 1889 ||| UPGRADING to +0 cloak.
  1894 | D:3      | 1894 ||| UPGRADING to +1 leather armour of cold resistance.
  1904 | D:3      | 1904 ||| DROPPING +0 leather armour.
  1905 | D:3      | 1905 ||| READING scroll labelled JARUERH DERAUPPIS.
  1906 | D:3      | 1906 ||| READING scroll labelled IMUKAE MIDGHOTUECEU.
  1907 | D:3      | 1907 ||| DRINKING 2 sapphire potions.
  1909 | D:3      | 1909 ||| Stepping ~*~*~tactically~*~*~ (cloud).
  2095 | D:4      | Found a burning altar of Makhleb.
  2095 | D:4      | Found an ancient bone altar of Kikubaaqudgha.
  2186 | D:4      | Identified the +5 ring mail of Valour {rN+}
  2392 | D:4      | Gained mutation: You have a pair of small horns on your
                  | head. [hidden potential]
  2392 | D:4      | Lost mutation: You have hidden genetic potential. [hidden
                  | potential expressed]
  2474 | D:4      | Noticed Pikel
  2474 | D:4      | Noticed a lemure
  2474 | D:4      | Noticed a lemure
  2474 | D:4      | Noticed a lemure
  2474 | D:4      | Noticed a lemure
  2485 | D:4      | HP: 3/25 [Pikel/+0 whip of flaming (6)]
  2486 | D:4      | 2486 ||| READING 2 scrolls of teleportation.
  2491 | D:4      | 2491 ||| READING scroll of teleportation.
  2493 | D:4      | Killed a lemure
  2680 | D:4      | Reached skill level 8 in Ranged Weapons
  2750 | D:4      | Killed a lemure
  2753 | D:4      | HP: 6/25 [Pikel/+0 whip of flaming (1)]
  2760 | D:4      | HP: 6/25 [Pikel/+0 whip of flaming (1)]
  2765 | D:4      | HP: 5/25 [Pikel/+0 whip of flaming (2)]
  2766 | D:4      | HP: 2/25 [Pikel/+0 whip of flaming (1)]
  2769 | D:4      | Slain by Pikel

Levels and vault maps discovered:
D:1:      scummos_arrival_checkerplants, layout_basic,
          hellmonk_ecumenical_altar_pennies_from_heaven, serial_shops, shop,
          shop, skrybe_limestone_x, roderic_lattice_a
D:2:      layout_rooms
D:3:      layout_basic, nicolae_eternal_life, uniq_jessica
D:4:      layout_gridville, mainiacjoe_overflow_large_starburst,
          hangedman_decor_clover_reticule, uniq_pikel

Skill      XL: |  1  2  3  4 |
---------------+-------------+-----
Ranged Weapons | 6 7 8 |  8.0
Fighting       | |  1.5
Dodging        | |  2.4
Stealth        | |  1.2

Action                     |  1- 3 |  4- 6 || total
---------------------------+-------+-------++-------
   Fire: Shortbow          |    89 |    91 ||   180
    Use: Scroll            |     4 |     4 ||     8
         Potion            |     1 |     1 ||     2
 Armour: Leather armour    |     4 |    11 ||    15
  Dodge: Dodged            |     8 |    14 ||    22
  Block: Other             |       |     9 ||     9

Table legend:
 A = Non-vault XP
 B = Vault XP
 C = Vault XP percentage of total XP
 D = Non-vault monster count
 E = Vault monster count
 F = Vault count percentage of total count
                 A         B        C        D         E       F
            +---------+---------+-------+---------+---------+-------
      Total |     115 |      37 |  24.3 |      49 |       1 |   2.0
            +---------+---------+-------+---------+---------+-------
        D:1 |      35 |       0 |   0.0 |      23 |       0 |   0.0
        D:2 |      16 |       0 |   0.0 |       8 |       0 |   0.0
        D:3 |      35 |      37 |  51.4 |      10 |       1 |   9.1
        D:4 |      29 |       0 |   0.0 |       8 |       0 |   0.0
            +---------+---------+-------+---------+---------+-------
